 Dungeon Crawl Stone Soup version 0.28-a0-595-g9f6c0e134a (webtiles) character file.

Game seed: 371101802796913820

527 BigDaddyOpFi the Sneak (level 7, 0/48 HPs)
             Began as an Octopode Fighter on Oct 4, 2021.
             Succumbed to an adder's poison
             ... on level 4 of the Dungeon.
             The game lasted 00:08:15 (6383 turns).

BigDaddyOpFi the Sneak (Octopode Fighter)           Turns: 6383, Time: 00:08:15

Health: 0/48       AC:  1    Str: 14 (15) XL:     7   Next: 23%
Magic:  7/7        EV: 14    Int:  7 (10) God:
Gold:   248        SH: 10    Dex: 12 (14) Spells: 6/6 levels left

rFire   . . .      SeeInvis .   a - +0 rapier
rCold   . . .      Faith    .   b - +0 buckler
rNeg    . . .      Spirit   .   (helmet restricted)
rPois   .          Reflect  +   j - amulet of reflection
rElec   .          Harm     .   d - ring of flight
rCorr   .          Rampage  .   (no ring)
Will    .....                   (no ring)
Stlth   ++++......              (no ring)
HPRegen 0.16/turn               (no ring)
MPRegen 0.10/turn               (no ring)
                                (no ring)
                                (no ring)

@: lethally poisoned (0 -> -18), flying
A: almost no armour, amphibious, 8 rings, camouflage 1, gelatinous body 1,
(nimble swimmer 1), tentacles
a: no special abilities


You were on level 4 of the Dungeon.
You visited 2 branches of the dungeon, and saw 5 of its levels.

You collected 248 gold pieces.

Inventory:

Hand Weapons
 a - a +0 rapier (weapon)
Armour
 b - a +0 buckler (worn)
Jewellery
 c - a ring of protection from cold
 d - a ring of flight (left tentacle)
 i - an amulet of magic regeneration
 j - an amulet of reflection (around mantle)
Scrolls
 f - a scroll of silence
 m - a scroll of enchant armour {unknown}


   Skills:
 + Level 4.2 Fighting
 + Level 3.5 Short Blades
 + Level 4.2 Dodging
 * Level 5.9 Stealth
 + Level 4.2 Shields


You had 6 spell levels left.
You didn't know any spells.
Your spell library contained the following spells:

 Spells                   Type           Power      Damage    Failure   Level
 Foxfire                  Conj/Fire      0%         2x1d4     43%         1
 Scorch                   Fire           0%         2d5       56%         2
 Conjure Flame            Conj/Fire      0%         6-21      80%         3
 Starburst                Conj/Fire      0%         6d3       100%        6
 Disjunction              Tloc           0%         N/A       100%        8


Dungeon Overview and Level Annotations

Branches:
Dungeon (4/15)             Temple (1/1) D:4

Altars:
Cheibriados
Elyvilon
Fedhas
Hepliaklqana
Kikubaaqudgha
Makhleb
Nemelex Xobeh
Qazlal
Ru
Sif Muna
Trog
Uskayaw
Vehumet
Wu Jian
Yredelemnul
Zin
The Shining One


Innate Abilities, Weirdness & Mutations

You cannot wear most types of armour.
You are amphibious.
You can wear up to eight rings at the same time.
Your skin changes colour to match your surroundings (Stealth+).
Your rubbery body absorbs attacks. (AC +1, EV +1)
((You are camouflaged near water. (Stealth+)))
You have tentacles for arms and can constrict up to eight enemies at once.


Message History

The adder poisons you!
You closely miss the adder. Your grab misses the adder.
You feel sick. You block the bat's attack. The bat misses you.
The bat hits you. The adder bites you.
You are more poisoned.
The adder poisons you! The bat hits you but does no damage.
The adder bites you.
You are more poisoned.
The adder poisons you! The bat misses you. The adder bites you.
You completely miss the adder. Your grab misses the adder.
You squeeze the adder.
The adder is lightly wounded.
You feel very sick. The bat barely misses you. You block the bat's attack.
You block the adder's attack. x2; The adder barely misses you.
You hit the adder. Your grab misses the adder.
The adder is heavily wounded.
* * * LOW HITPOINT WARNING * * *
You feel very sick.
The bat evades a web.
You block the bat's attack. x2; The adder bites you.
* * * LOW HITPOINT WARNING * * *
You are more poisoned.
The adder poisons you! The adder barely misses you.
You aren't carrying any potions.
Unknown command.
Really read the scroll of immolation?
As you read the scroll of immolation, it crumbles to dust.
The creatures around you are filled with an inner flame!
* * * LOW HITPOINT WARNING * * *
You feel very sick. The bat closely misses you. You block the bat's attack.
The bat closely misses you. The bat misses you. The adder bites you.
* * * LOW HITPOINT WARNING * * *
You are more poisoned.
The adder poisons you! The adder barely misses you.
You aren't carrying any potions.
You aren't carrying any potions.
As you read the scroll labelled OTYEWE TOULI, it crumbles to dust.
You speak a Word of immense power!
It was a scroll of holy word.
You die...

##.# #..
#.##
.... #.#
#....
#####
.....
#...#
......
###...##
#.^.#
#.......
##S..#
#.....<.
####@S#
######[.
##..bb##
###
#^.####
#####
#.##
#...#
#.#
#.⌠.#
#.#
####...#
##.#
#....†..
###..#
#.⌠..>..
##....#
#..(....


You could see 2 adders and 2 bats.

Vanquished Creatures
  A black bear (D:4)
  2 scorpions (D:4)
  An iguana (D:4)
  2 orc wizards (D:3)
  A hound skeleton (D:4)
  7 gnolls
  6 adders
  An adder skeleton (D:4)
  2 worms
  6 dart slugs
  10 orcs
  6 ball pythons
  8 bats
  4 endoplasms (D:1)
  5 giant cockroaches
  6 goblins
  4 hobgoblins
  5 quokkas
  7 frilled lizards
  4 kobolds
  8 rats
96 creatures vanquished.

Vanquished Creatures (others)
  12 fungi (D:4)
12 creatures vanquished.

Grand Total: 108 creatures vanquished

Notes
Turn   | Place    | Note
-------+----------+-------------------------------------------
     0 | D:1      | BigDaddyOpFi the Octopode Fighter began the quest for the
                  | Orb.
     0 | D:1      | Reached XP level 1. HP: 16/16 MP: 1/1
   471 | D:1      | Reached skill level 1 in Stealth
   471 | D:1      | Reached XP level 2. HP: 19/21 MP: 2/2
   742 | D:1      | Reached XP level 3. HP: 13/26 MP: 3/3
   991 | D:1      | Reached skill level 2 in Stealth
  1651 | D:2      | Found a faded altar of an unknown god.
  1980 | D:2      | Reached XP level 4. HP: 31/31 MP: 4/4
  2784 | D:3      | Reached skill level 3 in Stealth
  3230 | D:3      | Reached XP level 5. HP: 30/36 MP: 5/5
  3510 | D:3      | Found a sacrificial altar of Ru.
  3787 | D:3      | Reached skill level 4 in Stealth
  3966 | D:3      | Got the Disquisition on Quantum Heat
  4559 | D:4      | Reached XP level 6. HP: 43/43 MP: 6/6
  4597 | D:4      | Found a staircase to the Ecumenical Temple.
  4608 | Temple   | Entered the Ecumenical Temple
  5165 | D:4      | Noticed a black bear
  5207 | D:4      | Killed a black bear
  5208 | D:4      | Reached skill level 5 in Stealth
  5410 | D:4      | Reached XP level 7. HP: 26/48 MP: 7/7
  6383 | D:4      | Succumbed to an adder's poison

Illustrated notes

Levels and vault maps discovered:
D:1:      giann_wishing_wells, layout_basic, eino_curves_01
D:2:      layout_rooms, shapermc_ecumenical_altar_pompeii
D:3:      layout_loops_corners, nicolae_ru_path_of_blood, serial_bayou_pond_a
D:4:      old_forge, layout_layer_cave, minmay_temple_entry_junction
Temple:   lightli_temple_of_artemis

Skill      XL: |  1  2  3  4  5  6 |
---------------+-------------------+-----
Stealth        | 1 2 3 4 5 |  5.9
Short Blades   | 3 |  3.5
Fighting       | 4 |  4.2
Shields        | 4 |  4.2
Dodging        | 4 |  4.2

Action                   |  1- 3 |  4- 6 |  7- 9 || total
-------------------------+-------+-------+-------++-------
Melee: Rapier            |    71 |    88 |    28 ||   187
       Constrict         |    19 |    26 |     7 ||    52
       Tentacles         |    10 |    25 |     5 ||    40
  Use: Potion            |       |     5 |     3 ||     8
       Scroll            |       |     2 |     2 ||     4
 Stab: Sleeping          |    10 |    11 |     2 ||    23
Armor: Skin              |     7 |     2 |     9 ||    18
Dodge: Dodged            |    34 |    30 |    50 ||   114
Block: Buckler           |    13 |    22 |    24 ||    59
       Reflection        |     1 |       |       ||     1

Table legend: (Time is in decaauts)
 A = Elapsed time spent in this place.
 B = Non-inter-level travel time spent in this place.
 C = Inter-level travel time spent in this place.
 D = Time resting spent in this place.
 E = Time spent auto-exploring this place.
 F = Levels seen in this place.
 G = Mean time per level.
                   A        B        C        D        E       F      G
               +--------+--------+--------+--------+--------+-----+--------+
         Total |   6403 |   6272 |    131 |   2353 |   3171 |   5 | 1280.6 |
       Dungeon |   6297 |   6174 |    123 |   2353 |   3095 |   4 | 1574.2 |
        Temple |    105 |     97 |      8 |      0 |     76 |   1 |  105.0 |
               +--------+--------+--------+--------+--------+-----+--------+

Top non-repeatable levels by time:
     D:3: 1982 daAuts
     D:1: 1638 daAuts
     D:4: 1346 daAuts
     D:2: 1330 daAuts
  Temple: 105 daAuts
